 Dungeon Crawl Stone Soup version 0.30-a0-241-g1121274140 (webtiles) character file.

Game seed: 7619637364513756999

285 Hubris850 the Chopper (level 6, 0/51 HPs)
             Began as a Hill Orc Cinder Acolyte on Oct 10, 2022.
             Was an Elder of Ignis.
             Slain by Duvessa
             ... wielding a +0 short sword
              (8 damage)
             ... on level 4 of the Dungeon.
             The game lasted 00:06:56 (2900 turns).

Hubris850 the Chopper (Hill Orc Cinder Acolyte)     Turns: 2900, Time: 00:06:57

Health: 0/51       AC: 10    Str: 19    XL:     6   Next: 29%
Magic:  9/9        EV: 11    Int: 14    God:    Ignis [****..]
Gold:   118        SH:  0    Dex:  6    Spells: 7/9 levels left

rFire   + . .      SeeInvis .    p - +2 short sword (venom)
rCold   . . .      Faith    .    (no shield)
rNeg    . . .      Spirit   .    f - +0 leather armour
rPois   .          Reflect  .    (no helmet)
rElec   .          Harm     .    (no cloak)
rCorr   .          Rampage  .    (no gloves)
Will    .....                    (no boots)
Stlth   +.........               (no amulet)
HPRegen 0.28/turn                (no ring)
MPRegen 0.11/turn                (no ring)

@: fiery-armoured
A: no striking features
a: Renounce Religion, Fiery Armour, Foxfire Swarm, Rising Flame


You were on level 4 of the Dungeon.
You worshipped Ignis.
Ignis was greatly pleased with you.
You visited 1 branch of the dungeon, and saw 4 of its levels.

You collected 118 gold pieces.

Inventory:

Hand Weapons
 a - a -1 hand axe of flaming
 p - a +2 short sword of venom (weapon)
Missiles
 g - 6 poisoned darts
 q - 3 boomerangs
Armour
 b - a +0 robe
 f - a +0 leather armour (worn)
 o - a scarf of shadows
Wands
 k - a wand of polymorph (8)
 m - a wand of flame (15)
Scrolls
 c - a scroll of immolation {unknown}
 d - 3 scrolls of teleportation {unknown}
 e - 4 scrolls of identify {unknown}
 i - 2 scrolls of fog {unknown}
 j - a scroll of enchant armour {unknown}
 n - a scroll of magic mapping {unknown}
 r - a scroll of vulnerability {unknown}
 t - a scroll of amnesia {unknown}
 u - a scroll of silence {unknown}
 v - a scroll of fear {unknown}
Potions
 h - a potion of ambrosia {unknown}
 l - 2 potions of attraction {unknown}
 s - a potion of berserk rage {unknown}
 w - 2 potions of lignification {unknown}


   Skills:
 - Level 3.6 Fighting
 + Level 6.3 Axes
 + Level 3.8 Armour
 - Level 2.0 Spellcasting
 - Level 4.0 Fire Magic


You had 7 spell levels left.
You knew the following spells:

 Your Spells              Type           Power      Damage    Failure   Level
a - Scorch                Fire           24%        2d6       8%          2

Your spell library contained the following spells:

 Spells                   Type           Power      Damage    Failure   Level
 Magic Dart               Conj           4%         1d3       26%         1
 Call Imp                 Summ           1%         N/A       38%         2
 Call Canine Familiar     Summ           1%         N/A       63%         3
 Mephitic Cloud           Conj/Pois/Air  1%         N/A       63%         3
 Portal Projectile        Hex/Tloc       2%         N/A       63%         3
 Leda's Liquefaction      Hex/Erth       0%         N/A       95%         4


Dungeon Overview and Level Annotations

Branches:
Dungeon (4/15)
 Temple: D:4-7

Altars:
Elyvilon

Annotations:
D:4 Duvessa


Message History

Duvessa is burned by your cloak of flames.
Duvessa is lightly wounded.
You completely miss Duvessa.
Duvessa is lightly wounded.
The endoplasm closely misses you. Dowan closely misses you.
Duvessa barely misses you.
Unknown command.
You hit Duvessa.
Duvessa is poisoned.
Duvessa is lightly wounded.
You kill Dowan!
Duvessa screams in rage.
Duvessa goes berserk!
The jackal bites you but does no damage.
The jackal is burned by your cloak of flames.
The jackal is severely wounded.
The jackal bites you but does no damage.
The jackal is burned by your cloak of flames.
You kill the jackal!
The jackal bites you.
The jackal is burned by your cloak of flames.
You kill the jackal!
The endoplasm freezes you.
You are frozen.
Duvessa hits you with a +0 short sword!
Duvessa is burned by your cloak of flames.
Duvessa is lightly wounded.
You closely miss Duvessa.
Duvessa is lightly wounded.
A nearby fungus withers and dies.
Duvessa hits you with a +0 short sword!
* * * LOW HITPOINT WARNING * * *
Duvessa is burned by your cloak of flames.
Duvessa is moderately wounded.
The endoplasm barely misses you.
Okay, then.
Aiming: Throw Flame
Press: ? - help, Shift-Dir - straight line, f - Duvessa
Aim: Duvessa, wielding a +0 short sword and wearing a +0 leather armour (moderately wounded, berserk, very poisoned, 72% to hit)
The puff of flame hits Duvessa.
Duvessa is moderately wounded.
Duvessa hits you with a +0 short sword!
You die...

##..# ## ##..######
.######..####..###
....##..###......###
###.....##.........###
####.##............#
##.#.....#......#
#.#..._.#.)eP..# #
##......#.@J...# #
#...####..†...## .#
##.............# .#
##........P..... .
#...PPPPPP.....
#..PPPP.PP.....
#..............
#..............
####.#########.


You could see Duvessa (berserk, very poisoned) and an endoplasm.

Vanquished Creatures
  Dowan (D:4)
  A gnoll bouda (D:4)
  2 iguanas
  An orc wizard (D:3)
  An adder (D:4)
  3 gnolls (D:4)
  9 dart slugs
  4 orcs (D:3)
  7 bats
  3 endoplasms
  5 giant cockroaches
  4 goblins
  8 hobgoblins
  5 jackals
  7 ball pythons
  4 frilled lizards
  2 kobolds
  6 rats
73 creatures vanquished.

Vanquished Creatures (others)
  33 foxfires
  10 fungi (D:4)
43 creatures vanquished.

Grand Total: 116 creatures vanquished

Notes
Turn   | Place    | Note
-------+----------+-------------------------------------------
     0 | D:1      | Hubris850 the Hill Orc Cinder Acolyte began the quest for
                  | the Orb.
     0 | D:1      | Reached XP level 1. HP: 19/19 MP: 2/2
   119 | D:1      | Reached XP level 2. HP: 22/26 MP: 3/3
   184 | D:1      | Reached skill level 1 in Armour
   334 | D:1      | Reached XP level 3. HP: 31/31 MP: 4/4
   337 | D:1      | Learned a level 2 spell: Scorch
   710 | D:1      | Found a faded altar of an unknown god.
  1305 | D:2      | Reached XP level 4. HP: 26/39 MP: 1/6
  2018 | D:3      | Reached skill level 5 in Axes
  2018 | D:3      | Reached XP level 5. HP: 35/45 MP: 7/7
  2816 | D:4      | Reached XP level 6. HP: 46/51 MP: 9/9
  2817 | D:4      | Reached skill level 6 in Axes
  2878 | D:4      | Found a white marble altar of Elyvilon.
  2886 | D:4      | Noticed Duvessa
  2887 | D:4      | Noticed Dowan
  2898 | D:4      | Killed Dowan
  2900 | D:4      | Slain by Duvessa

Illustrated notes

Levels and vault maps discovered:
D:1:      psy_arrival_radial01, layout_loops_cross,
          hellmonk_ecumenical_altar_crossroads, minmay_misc_feat_tiny, hex_tiny,
          minmay_heptomino_o4
D:2:      layout_loops_corners, hex_medium
D:3:      layout_loops_ring, grunt_ministairs_7, minmay_ruptured
D:4:      layout_cave_pods, mainiacjoe_overflow_chevrons, minmay_ogre_servants,
          uniq_grinder, uniq_duvessa

Skill      XL: |  1  2  3  4  5  6 |
---------------+-------------------+-----
Armour         | 1 2 3 |  3.8
Fire Magic     | 4 |  4.0
Axes           | 5 6 |  6.3
Spellcasting   | 2 |  2.0
Fighting       | |  3.6

Action                   |  1- 3 |  4- 6 || total
-------------------------+-------+-------++-------
Melee: Hand axe          |   119 |    53 ||   172
       Punch             |     1 |     1 ||     2
       Short sword       |       |    46 ||    46
 Cast: Scorch            |     1 |     1 ||     2
Invok: Foxfire Swarm     |       |     2 ||     2
       Fiery Armour      |       |     2 ||     2
Evoke: Wand              |       |     1 ||     1
Armor: Leather armour    |    33 |    30 ||    63
       Robe              |     1 |       ||     1
Dodge: Dodged            |    69 |    73 ||   142

Table legend: (Time is in decaauts)
 A = Elapsed time spent in this place.
 B = Non-inter-level travel time spent in this place.
 C = Inter-level travel time spent in this place.
 D = Time resting spent in this place.
 E = Time spent auto-exploring this place.
 F = Levels seen in this place.
 G = Mean time per level.
                   A        B        C        D        E       F      G
               +--------+--------+--------+--------+--------+-----+--------+
         Total |   2911 |   2781 |    130 |    100 |   2148 |   4 |  727.8 |
       Dungeon |   2911 |   2781 |    130 |    100 |   2148 |   4 |  727.8 |
               +--------+--------+--------+--------+--------+-----+--------+

Top non-repeatable levels by time:
     D:2: 937 daAuts
     D:1: 937 daAuts
     D:3: 796 daAuts
     D:4: 239 daAuts
